 Dungeon Crawl Stone Soup version 0.29.1-1-gd02db6906a (webtiles) character file.

Game seed: 1580915501508203201

979 wingedge the Chiller (level 7, 0/84 HPs)
             Began as a Demigod Ice Elementalist on Oct 7, 2022.
             Slain by a wight
             ... wielding a +4 dagger of freezing
              (6 damage)
             ... on level 4 of the Dungeon.
             The game lasted 00:26:35 (5102 turns).

wingedge the Chiller (Demigod Ice Elementalist)     Turns: 5102, Time: 00:26:35

Health: 0/84       AC: 11    Str: 24    XL:     7   Next: 63%
Magic:  7/13       EV: 11    Int: 19    God:
Gold:   200        SH:  4    Dex: 14    Spells: 1/10 levels left

rFire   . . .      SeeInvis .   a - +4 hand axe of the Spider {flame, rPois rCorr Str+5 Int-2}
rCold   . . .      Faith    .   o - +0 buckler
rNeg    . . .      Spirit   .   n - +0 ring mail
rPois   +          Reflect  .   v - +0 helmet
rElec   .          Harm     .   (no cloak)
rCorr   +          Rampage  .   e - +0 pair of gloves
Will    .....                   d - +0 pair of boots
Stlth   ..........              (no amulet)
HPRegen 0.24/turn               c - +6 ring of strength
MPRegen 0.13/turn               (no ring)

@: berserking, ice-armoured, very quick
A: high MP 1, forlorn, divine attributes
a: no special abilities


You were on level 4 of the Dungeon.
You visited 2 branches of the dungeon, and saw 7 of its levels.
You also visited: Sewer.

You collected 200 gold pieces.

Inventory:

Hand Weapons
 a - the +4 hand axe of the Spider (weapon) {flame, rPois rCorr Str+5 Int-2}
   (You found it on level 6 of the Dungeon)

   It burns those it strikes, dealing additional fire damage.
   Big, fiery blades are also staple armaments of hydra-hunters.
   Str:       It affects your strength (+5).
   Int:       It affects your intelligence (-2).
   rPois:     It protects you from poison.
   rCorr:     It protects you from acid and corrosion.
 b - a +0 war axe
Armour
 d - a +0 pair of boots (worn)
 e - a +0 pair of gloves (worn)
 n - a +0 ring mail (worn)
 o - a +0 buckler (worn)
 v - a +0 helmet (worn)
Jewellery
 c - a +6 ring of strength (left hand)
 m - a ring of ice
Wands
 i - a wand of iceblast (5)
Scrolls
 f - a scroll of magic mapping {unknown}
 h - a scroll of poison {unknown}
 k - a scroll of fear {unknown}
 l - a scroll of teleportation
 p - 2 scrolls of amnesia
 r - a scroll of blinking
 t - 2 scrolls of identify
Potions
 g - a potion of haste
 j - 2 potions of magic
 s - a potion of lignification {unknown}
 u - a potion of curing {unknown}
 w - a potion of heal wounds {unknown}
 x - a potion of attraction {unknown}


   Skills:
 + Level 2.8 Fighting
 - Level 5.0 Axes
 - Level 1.0 Armour
 - Level 2.0 Dodging
 - Level 2.0 Stealth
 - Level 1.0 Shields
 - Level 2.0 Spellcasting
 - Level 2.0 Hexes
 - Level 6.0 Ice Magic


You had one spell level left.
You knew the following spells:

 Your Spells              Type           Power      Damage    Failure   Level
a - Freeze                Ice            96%        1d11      3%          1
b - Ozocubu's Armour      Ice            24%        N/A       9%          3
c - Frozen Ramparts       Ice            48%        1d8       9%          3
d - Ensorcelled Hibernat  Hex/Ice        34%        N/A       11%         2

Your spell library contained the following spells:

 Spells                   Type           Power      Damage    Failure   Level
 Passwall                 Tmut/Erth      0%         N/A       47%         2
 Swiftness                Air            1%         N/A       71%         3
 Hailstorm                Conj/Ice       13%        3d5       71%         4


Dungeon Overview and Level Annotations

Branches:
Dungeon (6/15)             Temple (1/1) D:4           Sewer (visited)

Shops:
D:3 (

Annotations:
D:3 Gozag hoard, fly + dig


Innate Abilities, Weirdness & Mutations

You have an increased reservoir of magic. (+10% MP)
You shall have no god before yourself.
Your divine heritage dramatically boosts your attributes as you level up.


Message History

The wight misses you.
Press: ? - help, v - describe, . - travel
Here: a wight, wielding a +2 hand axe and wearing a +0 robe (moderately damaged)
The floor.
You slash the wight! You burn the wight.
You destroy the wight!
Training target 5.0 for Axes reached!
Training target 2.0 for Hexes reached!
Your Axes skill increases to level 5!
Your Hexes skill increases to level 2!
You need to enable at least one skill for training.
You barely miss the wight.
The wight is moderately damaged.
The wight barely misses you.
You hit the wight. You burn the wight.
The wight is severely damaged.
The wight barely misses you.
You hit the wight. You burn the wight.
The wight is almost destroyed.
The wight barely misses you.
You barely miss the wight.
The wight is almost destroyed.
The wight closely misses you.
You barely miss the wight.
The wight is almost destroyed.
The wight hits you with a +2 hand axe. x2; You feel drained.
You hit the wight. You burn the wight.
You destroy the wight!
Your life force feels restored.
You hit the wight. You burn the wight.
The wight is moderately damaged.
You block the wight's attack.
You hit the wight. You burn the wight.
The wight is severely damaged.
The wight hits you with a +4 dagger of freezing!
* * * LOW HITPOINT WARNING * * *
The wight freezes you.
* * * LOW HITPOINT WARNING * * *
A red film seems to cover your vision as you go berserk!
You feel yourself moving faster!
You feel mighty!
The wight hits you with a +4 dagger of freezing.
You die...

.#..# #...................#......
##..###........###........#......
............................
###........###..#######.....#
.............................
.............#..#######.#####
...........# #..#######.#####
#....)...###..##...........
#.......)z@...........####.
...........###..######### #.
...........# #..# #. ###.###.##.#
#..# #. #. #.##.# #..# #. #
#.##.# #..# #. ...... .... #. #.#
#..# #. #.


You could see a wight.

Vanquished Creatures
  2 ogres
  A phantom (D:4)
  3 bullfrogs
  4 wights (D:4)
  2 orc priests
  Jessica (D:2)
  3 gnolls
  8 adders
  An ufetubus (D:4)
  A worm (D:3)
  3 dart slugs
  10 orcs
  6 ball pythons
  5 bats
  15 endoplasms
  14 giant cockroaches
  11 goblins
  8 hobgoblins
  4 jackals
  6 kobolds
  14 quokkas
  10 frilled lizards
  5 rats
137 creatures vanquished.

Vanquished Creatures (others)
  2 plants (D:4)
2 creatures vanquished.

Grand Total: 139 creatures vanquished

Notes
Turn   | Place    | Note
-------+----------+-------------------------------------------
     0 | D:1      | wingedge the Demigod Ice Elementalist began the quest for
                  | the Orb.
     0 | D:1      | Reached XP level 1. HP: 14/14 MP: 5/5
   415 | D:1      | Reached skill level 1 in Fighting
   590 | D:1      | Reached XP level 2. HP: 19/23 MP: 0/7
  1050 | D:1      | Reached skill level 4 in Ice Magic
  1461 | D:2      | Reached XP level 3. HP: 27/28 MP: 2/8
  1520 | D:2      | Learned a level 3 spell: Ozocubu's Armour
  1606 | D:2      | Reached XP level 4. HP: 22/35 MP: 1/9
  1784 | D:2      | Reached skill level 5 in Ice Magic
  2328 | D:2      | Noticed Jessica
  2342 | D:2      | Killed Jessica
  2839 | D:3      | Reached XP level 5. HP: 40/41 MP: 0/10
  2849 | D:3      | Reached skill level 1 in Armour
  2972 | D:3      | Reached skill level 1 in Shields
  3367 | D:3      | Found Dehase's Weapon Shop.
  3421 | D:3      | You fall into a shaft and drop 3 floors!
  3464 | D:6      | Identified the +4 hand axe of the Spider {flame, rPois
                  | rCorr Str+5 Int-2}
  3622 | D:6      | Noticed a troll
  3651 | D:5      | Entered Level 5 of the Dungeon
  3690 | D:4      | Found a staircase to the Ecumenical Temple.
  3696 | Temple   | Entered the Ecumenical Temple
  3905 | D:4      | Reached skill level 1 in Axes
  3905 | D:4      | Reached skill level 6 in Ice Magic
  3905 | D:4      | Reached XP level 6. HP: 42/48 MP: 11/11
  4120 | D:4      | Found a glowing drain.
  4131 | Sewer    | Entered a sewer
  4404 | Sewer    | Reached XP level 7. HP: 48/55 MP: 13/13
  4415 | Sewer    | Learned a level 3 spell: Frozen Ramparts
  4418 | Sewer    | Learned a level 2 spell: Ensorcelled Hibernation
  4681 | D:3      | Reached skill level 1 in Hexes
  5094 | D:4      | Reached skill level 5 in Axes
  5102 | D:4      | Slain by a wight

Illustrated notes

Levels and vault maps discovered:
D:1:      dpeg_arrival_brainrot, layout_basic,
          shapermc_ecumenical_altar_hornbeckon, amcnicky_mini_pool_small
D:2:      layout_basic, uniq_jessica
D:3:      layout_basic, nicolae_gozag_conspicuous_consumption,
          lemuel_round_altar, serial_shops, nicolae_lakefront_shop
D:4:      layout_basic, minmay_temple_entry_gardened_gates, portal_sewer_entry_f
D:5:      layout_basic, hangedman_abyss_or_decor_passed, uniq_menkaure,
          uniq_ijyb
D:6:      layout_loops_cross, dreamdust_wishing_well, uniq_maggie,
          uniq_prince_ribbit1
Temple:   nicolae_temple_bog_church

Skill      XL: |  1  2  3  4  5  6  7 |
---------------+----------------------+-----
Fighting       | 1 2 |  2.8
Spellcasting   | 2 |  2.0
Dodging        | 2 |  2.0
Ice Magic      | 4 5 6 |  6.0
Stealth        | 2 |  2.0
Armour         | 1 |  1.0
Shields        | 1 |  1.0
Axes           | 1 4 5 |  5.0
Hexes          | 2 |  2.0

Action                   |  1- 3 |  4- 6 |  7- 9 || total
-------------------------+-------+-------+-------++-------
Melee: Dagger            |    11 |    63 |       ||    74
       Hand axe          |       |   113 |    49 ||   162
Throw: Stone             |     7 |     3 |       ||    10
 Cast: Freeze            |    46 |    45 |       ||    91
       Ozocubu's Armour  |     1 |    10 |     7 ||    18
       Frozen Ramparts   |       |       |     2 ||     2
  Use: Scroll            |       |     6 |       ||     6
       Potion            |       |     2 |     1 ||     3
 Stab: Sleeping          |     4 |     3 |       ||     7
Armor: Robe              |     8 |     1 |       ||     9
       Ring mail         |       |    75 |    14 ||    89
Dodge: Dodged            |    19 |   129 |    29 ||   177
Block: Buckler           |       |    29 |     7 ||    36
